 Dungeon Crawl Stone Soup version 0.22.0-38-g04b72b8 (webtiles) character file.

7345 PIttos the Protected (level 10, -1/92 HPs)
             Began as a Minotaur Fighter on Aug 27, 2018.
             Was an Initiate of Gozag.
             Slain by a two-headed ogre
             ... wielding a +0 giant club
              (17 damage)
             ... on level 9 of the Dungeon.
             The game lasted 00:31:55 (7795 turns).

PIttos the Protected (Minotaur Fighter)             Turns: 7795, Time: 00:31:56

Health: -1/92      AC: 15    Str: 25    XL:     10   Next: 91%
Magic:  12/12      EV:  9    Int:  5    God:    Gozag
Gold:   1592       SH: 11    Dex:  9    Spells: 9/9 levels left

rFire    . . .     SeeInvis .   O - +3 war axe
rCold    . . .     Gourm    .   c - +0 shield
rNeg     . . .     Faith    .   L - +0 plate armour
rPois    .         Spirit   .   (helmet restricted)
rElec    .         Reflect  .   A - +0 cloak
rCorr    .         Harm     .   (no gloves)
MR       .....                  (no boots)
Stlth    ..........             j - amulet of the acrobat
HPRegen  0.25/turn              k - ring of wizardry
MPRegen  0.13/turn              l - ring of flight

@: gold aura
A: retaliatory headbutt, horns 2
a: Potion Petition, Call Merchant, Bribe Branch, Renounce Religion, Evoke Flight


You were on level 9 of the Dungeon.
You worshipped Gozag.
Gozag was most pleased with you.
You were near starving.

You visited 1 branch of the dungeon, and saw 9 of its levels.

You collected 1610 gold pieces.
You paid 18 gold pieces to Gozag.

Inventory:

Hand Weapons
 a - a +0 war axe
 d - a +3 quarterstaff of chaos
 I - a +0 club
 O - a +3 war axe (weapon)
Missiles
 E - 126 stones (quivered)
Armour
 b - a +0 scale mail
 c - a +0 shield (worn)
 A - a +0 cloak (worn)
 H - a +0 chain mail
 L - a +0 plate armour (worn)
Jewellery
 g - an uncursed amulet of magic regeneration
 j - an amulet of the acrobat (around neck)
 k - a ring of wizardry (left hand)
 l - a ring of flight (right hand)
 q - an uncursed ring of wizardry
 r - a +3 ring of strength {unknown}
 u - an uncursed ring of protection from fire {unknown}
 v - an uncursed ring of fire {unknown}
 F - a cursed ring of teleportation {unknown}
Wands
 m - a wand of clouds (13)
 w - a wand of flame (55)
 x - a wand of acid (10)
 z - a wand of iceblast (22) {conch'e gazzoni}
 M - a wand of random effects (18)
 Q - a wand of disintegration (16)
Scrolls
 h - 5 scrolls of identify {unknown}
 i - 3 scrolls of enchant weapon {unknown}
 n - 2 scrolls of random uselessness {unknown}
 s - 2 scrolls of teleportation {unknown}
 t - 5 scrolls of amnesia {unknown}
 y - 3 scrolls of remove curse {unknown}
 B - 4 scrolls of fog {unknown}
 C - 2 scrolls of blinking {unknown}
 D - a scroll of fear {unknown}
 G - a scroll of magic mapping {unknown}
 J - a scroll of enchant armour {unknown}
 K - 2 scrolls of immolation {unknown}
Potions
 e - 9 potions of curing
 o - 2 potions of lignification {unknown}
 p - a potion of cancellation
 N - a potion of heal wounds {unknown}
 P - a potion of mutation {unknown}
Comestibles
 f - 11 rations


   Skills:
 * Level 9.7 Fighting
 * Level 9.3 Axes
 * Level 9.7 Armour
 * Level 7.8 Dodging
 + Level 7.7 Shields
 * Level 4.9 Evocations


You had 9 spell levels left.
You didn't know any spells.
Your spell library contained the following spells:

 Spells                   Type           Power        Failure   Level  Hunger
 Corona                   Hex            #......      99%         1    ##.....
 Ensorcelled Hibernation  Hex/Ice        #.....       100%        2    ###....
 Confuse                  Hex            #.......     100%        3    ####...
 Dazzling Spray           Conj/Hex       #.....       100%        3    ####...
 Tukima's Dance           Hex            #.......     100%        3    ####...


Dungeon Overview and Level Annotations

Branches:
Dungeon (9/15)             Temple (0/1) D:5
   Lair: D:8-11         Orc: D:9-12

Altars:
Cheibriados
Elyvilon
Fedhas
Gozag
Kikubaaqudgha
Nemelex Xobeh
Sif Muna
Wu Jian
Yredelemnul

Shops:
D:5 *


Innate Abilities, Weirdness & Mutations

You reflexively headbutt those who attack you in melee.
You have a pair of horns on your head.


Message History

The two-headed ogre hits you but does no damage.
You block the two-headed ogre's attack.
You hit the two-headed ogre.
Your headbutt misses the two-headed ogre.
The two-headed ogre is lightly wounded.
The two-headed ogre hits you with a giant club!
* * * LOW HITPOINT WARNING * * *
You block the two-headed ogre's attack.
You slash the two-headed ogre!
The two-headed ogre is moderately wounded.
The two-headed ogre barely misses you.
The two-headed ogre hits you with a giant club.
* * * LOW HITPOINT WARNING * * *
You slash the two-headed ogre! You headbutt the two-headed ogre!
The two-headed ogre is severely wounded.
You hit the two-headed ogre. You headbutt the two-headed ogre!
The two-headed ogre is almost dead.
The two-headed ogre hits you with a giant club!
You die...
Your body crumbles into a pile of gold.

#. #######
############.## (......
............... >......
######....###.. ....... #
#.##.# #.##....... # #.#
.# #..#....... # #.# #.##
#..# # ####.# ..####O# #
#....####..###@#
###............#)#
.....###.......#)##
#..### #.......#..#
#..#####.......##.#
#......#.......##$# #
...###.........)..# #.#
...# ##........#.(###....
..####..#.#######(.......


You could see a two-headed ogre.

Vanquished Creatures
  Harold (D:7)
  2 two-headed ogres
  Pikel (D:8)
  Psyche (D:8)
  A troll (D:8)
  Grinder (D:5)
  A hippogriff (D:7)
  A vampire (D:9)
  A human (D:9)
  Duvessa (D:7)
  3 water moccasins
  3 orc warriors
  A slave (D:8)
  2 phantoms
  2 sky beasts
  A black bear (D:6)
  An ice beast (D:9)
  3 centaurs
  3 ogres
  A big kobold (D:9)
  6 bullfrogs
  A scorpion (D:7)
  Dowan (D:7)
  5 howler monkeys
  A crimson imp (D:9)
  A quasit (D:7)
  3 hounds
  3 jellies
  Crazy Yiuf (D:5)
  5 orc priests
  7 orc wizards
  A bullfrog skeleton (D:7)
  2 centaur skeletons
  Jessica (D:3)
  2 iguanas
  Ijyb (D:5)
  Natasha (thrice) (D:4)
  5 worker ants
  A killer bee zombie (D:8)
  A hound skeleton (D:8)
  A howler monkey zombie (D:5)
  6 adders
  7 gnolls
  2 shadow imps
  An adder zombie (D:8)
  3 worms
  A dart slug (D:4)
  9 leopard geckos
  33 orcs
  8 ball pythons
  4 bats
  3 giant cockroaches (D:2)
  6 hobgoblins
  15 jackals
  8 kobolds
  3 quokkas
  A ball python skeleton (D:4)
  6 frilled lizards
  6 goblins
  A jackal skeleton (D:6)
  A leopard gecko skeleton (D:5)
  A quokka skeleton (D:4)
  8 rats
  A spectral orc (D:2)
217 creatures vanquished.

Vanquished Creatures (others)
  3 slaves (D:8)
  An orc (D:8)
4 creatures vanquished.

Grand Total: 221 creatures vanquished

Notes
Turn   | Place    | Note
-------+----------+-------------------------------------------
     0 | D:1      | PIttos the Minotaur Fighter began the quest for the Orb.
     0 | D:1      | Reached XP level 1. HP: 19/19 MP: 0/0
   323 | D:1      | Reached XP level 2. HP: 26/27 MP: 1/1
   890 | D:2      | Reached XP level 3. HP: 18/33 MP: 2/2
  1170 | D:2      | Found a sparkling altar of Nemelex Xobeh.
  1170 | D:2      | Found an opulent altar of Gozag.
  1201 | D:2      | Became a worshipper of Gozag Ym Sagoz the Greedy
  1381 | D:2      | Reached XP level 4. HP: 37/40 MP: 3/3
  1392 | D:2      | Found a basalt altar of Yredelemnul.
  1628 | D:3      | Reached skill level 1 in Dodging
  1646 | D:3      | Noticed Jessica
  1650 | D:3      | Killed Jessica
  1650 | D:3      | Reached XP level 5. HP: 45/47 MP: 4/4
  2265 | D:3      | Found an ancient bone altar of Kikubaaqudgha.
  2265 | D:3      | Found a snail-covered altar of Cheibriados.
  2312 | D:4      | Reached skill level 5 in Armour
  2346 | D:4      | Reached skill level 5 in Shields
  2346 | D:4      | Reached XP level 6. HP: 39/55 MP: 5/5
  2354 | D:4      | Reached skill level 5 in Fighting
  2381 | D:4      | Noticed Natasha
  2389 | D:4      | Killed Natasha
  2527 | D:4      | Noticed Natasha
  2531 | D:4      | Killed Natasha
  2730 | D:4      | Noticed Natasha
  2735 | D:4      | Killed Natasha
  2886 | D:5      | Entered Level 5 of the Dungeon
  2891 | D:5      | Noticed Grinder
  2896 | D:5      | Killed Grinder
  2896 | D:5      | Reached XP level 7. HP: 55/62 MP: 6/6
  3046 | D:5      | Reached skill level 5 in Axes
  3148 | D:5      | Noticed Ijyb
  3149 | D:5      | Found a staircase to the Ecumenical Temple.
  3155 | D:5      | Killed Ijyb
  3248 | D:5      | Found Unga's Serpentskin Sales.
  3499 | D:5      | Reached XP level 8. HP: 65/71 MP: 7/7
  3677 | D:5      | Found a runed door.
  3849 | D:5      | Noticed Crazy Yiuf
  3854 | D:5      | Killed Crazy Yiuf
  4120 | D:6      | Found a deep blue altar of Sif Muna.
  4120 | D:6      | Found a faded altar of an unknown god.
  4128 | D:6      | Found a faded altar of an unknown god.
  4135 | D:6      | Found a white marble altar of Elyvilon.
  4139 | D:6      | Found a blossoming altar of Fedhas.
  4837 | D:7      | Reached skill level 5 in Dodging
  4987 | D:7      | Reached skill level 1 in Evocations
  5043 | D:7      | Noticed a hippogriff
  5055 | D:7      | Killed a hippogriff
  5079 | D:7      | Reached XP level 9. HP: 59/79 MP: 9/9
  5386 | D:7      | Noticed Duvessa
  5386 | D:7      | Noticed Dowan
  5413 | D:7      | Killed Dowan
  5419 | D:7      | Killed Duvessa
  5602 | D:7      | Noticed Harold
  5633 | D:7      | Killed Harold
  6000 | D:8      | Noticed Pikel
  6025 | D:8      | Killed Pikel
  6025 | D:8      | Reached XP level 10. HP: 75/90 MP: 11/11
  6345 | D:8      | Noticed a two-headed ogre
  6349 | D:8      | Killed a two-headed ogre
  6628 | D:8      | Noticed Psyche
  6634 | D:8      | Killed Psyche
  6908 | D:8      | Found an ornate altar of the Wu Jian Council.
  7736 | D:9      | Noticed a two-headed ogre
  7762 | D:9      | Killed a two-headed ogre
  7781 | D:9      | Noticed a two-headed ogre
  7795 | D:9      | Slain by a two-headed ogre

Skill      XL: |  1  2  3  4  5  6  7  8  9 10 |
---------------+-------------------------------+-----
Armour         | 4 5 6 7 8 9 |  9.7
Shields        | 4 5 6 7 |  7.7
Fighting       | 4 5 6 7 8 9 |  9.7
Axes           | 3 4 5 6 8 9 |  9.3
Dodging        | 1 2 3 4 5 6 7 |  7.8
Evocations     | 1 3 4 |  4.9

Action                   |  1- 3 |  4- 6 |  7- 9 | 10-12 || total
-------------------------+-------+-------+-------+-------++-------
Melee: War axe           |    95 |   160 |   255 |   176 ||   686
       Headbutt          |    16 |    22 |    46 |    38 ||   122
  Use: Potion            |       |     1 |     4 |       ||     5
 Stab: Distracted        |       |       |     1 |     2 ||     3
  Eat: Chunk             |     1 |       |       |       ||     1
       Ration            |       |     2 |     3 |     1 ||     6
Armor: Scale mail        |    61 |    54 |    31 |       ||   146
       Plate armour      |       |       |    58 |    42 ||   100
       Chain mail        |       |       |    12 |       ||    12
Dodge: Dodged            |    46 |    66 |   129 |    49 ||   290
Block: Shield            |    61 |    93 |   147 |    91 ||   392
